 Dungeon Crawl Stone Soup version 0.30-a0-46-g5a63ccc183 (webtiles) character file.

Game seed: 7513793117405517555

129 LnG the Chopper (level 5, 0/47 HPs)
             Began as a Hill Orc Fighter on Sept 1, 2022.
             Slain by an adder (3 damage)
             ... on level 3 of the Dungeon.
             The game lasted 00:08:23 (3025 turns).

LnG the Chopper (Hill Orc Fighter)                  Turns: 3025, Time: 00:08:24

Health: 0/47       AC:  8    Str: 21    XL:     5   Next: 12%
Magic:  5/5        EV:  6    Int:  8    God:
Gold:   69         SH: 12    Dex: 10    Spells: 4/4 levels left

rFire   . . .      SeeInvis .    a - +0 war axe
rCold   . . .      Faith    .    v - +0 tower shield
rNeg    . . .      Spirit   .    b - +0 scale mail
rPois   .          Reflect  .    u - +0 helmet
rElec   .          Harm     .    (no cloak)
rCorr   .          Rampage  .    (no gloves)
Will    .....                    (no boots)
Stlth   ..........               (no amulet)
HPRegen 0.15/turn                j - ring of flight
MPRegen 0.09/turn                (no ring)

@: flying
A: no striking features
a: no special abilities


You were on level 3 of the Dungeon.
You visited 1 branch of the dungeon, and saw 3 of its levels.

You collected 69 gold pieces.

Inventory:

Hand Weapons
 a - a +0 war axe (weapon)
Missiles
 e - 6 boomerangs (quivered)
Armour
 b - a +0 scale mail (worn)
 u - a +0 helmet (worn)
 v - a +0 tower shield (worn)
Jewellery
 g - an amulet of reflection
 j - a ring of flight (left hand)
Wands
 x - a wand of iceblast (7)
Scrolls
 f - 3 scrolls of teleportation
 h - a scroll of poison
 i - 2 scrolls of immolation {unknown}
 l - 2 scrolls of fear
 m - a scroll of blinking {unknown}
 n - 2 scrolls of enchant armour {unknown}
 t - a scroll of noise {unknown}
Potions
 c - a potion of berserk rage {unknown}
 d - a potion of might
 k - a potion of lignification
 o - a potion of curing {unknown}
 p - a potion of invisibility {unknown}
 q - 2 potions of ambrosia {unknown}
 r - a potion of magic {unknown}
 s - a potion of brilliance {unknown}
 w - 2 potions of flight {unknown}


   Skills:
 + Level 4.3 Fighting
 + Level 4.5 Axes
 + Level 4.1 Armour
 + Level 0.3 Dodging
 + Level 4.1 Shields


You had 4 spell levels left.
You didn't know any spells.
Your spell library was empty.

Dungeon Overview and Level Annotations

Branches:
Dungeon (3/15)

Altars:
Ru
Uskayaw


Message History

The river rat bites you.
* * * LOW HITPOINT WARNING * * *
You closely miss the river rat.
The river rat is almost dead.
The river rat bites you but does no damage.
You barely miss the river rat.
The river rat is almost dead.
You block the river rat's attack. x2
You closely miss the river rat.
The river rat is almost dead.
You block the river rat's attack. The river rat bites you.
* * * LOW HITPOINT WARNING * * *
You hit the river rat.
You kill the river rat!
A rat and an adder come into view.
The adder hisses angrily.
A worm comes into view.
An adder comes into view.
You block the adder's attack.
As you read the scroll of fear, it crumbles to dust.
You assume a fearsome visage.
The worm looks frightened!
The rat looks frightened!
The adder looks frightened! x2
The adder hisses angrily.
Cornered, the adder turns to fight!
The adder bites you but does no damage. The adder bites you.
* * * LOW HITPOINT WARNING * * *
The adder attacks as you move away! The adder closely misses you.
The adder bites you.
* * * LOW HITPOINT WARNING * * *
The adder hisses angrily.
You block the adder's attack.
You slash the adder!
The adder is heavily wounded.
You block the adder's attack.
You completely miss the adder.
Your attack snaps the adder out of its fear.
You hit the adder but do no damage. The adder bites you but does no damage.
The adder bites you.
You die...

####.....# .
.........#######.
#.....†.......
###########.######..
#######.....#####.######..
..........['..)......<#..
##.###...[.#####.######.#
#....†~~### ### #.#
##...~S@# ##.# #....#S###
#... #!..~†~#~S #.##
#...~#~#r## #.##
#..~~~~#~~ #.#. #...~#~#~#
####.#. ##..~#~#~# #......
#...#~~~# ###..#.
#...##### #..#.


You could see 2 adders.

Vanquished Creatures
  An orc wizard (D:3)
  2 adders
  A river rat (D:3)
  A worm (D:2)
  A dart slug (D:1)
  5 orcs (D:3)
  6 ball pythons
  6 endoplasms
  2 giant cockroaches (D:3)
  8 goblins
  4 hobgoblins
  8 jackals
  2 quokkas
  4 bats
  4 frilled lizards
  4 kobolds
  5 rats
64 creatures vanquished.

Notes
Turn   | Place    | Note
-------+----------+-------------------------------------------
     0 | D:1      | LnG the Hill Orc Fighter began the quest for the Orb.
     0 | D:1      | Reached XP level 1. HP: 19/19 MP: 1/1
   188 | D:1      | Reached XP level 2. HP: 27/27 MP: 2/2
   530 | D:1      | Reached XP level 3. HP: 33/33 MP: 3/3
  1283 | D:2      | Found a sacrificial altar of Ru.
  1567 | D:2      | Found a faded altar of an unknown god.
  1872 | D:2      | Reached XP level 4. HP: 40/40 MP: 4/4
  2911 | D:3      | Found a hide-covered altar of Uskayaw.
  2984 | D:3      | Reached XP level 5. HP: 14/46 MP: 5/5
  3002 | D:3      | HP: 2/46 [river rat (2)]
  3022 | D:3      | HP: 2/47 [adder (2)]
  3025 | D:3      | Slain by an adder

Illustrated notes

Levels and vault maps discovered:
D:1:      erik_arrival_cave_to_civilisation [erik_arrival_cave_to_hall],
          layout_basic, minmay_cut_off
D:2:      layout_basic, basic_altar, hellmonk_ecumenical_altar_dog_temple,
          hangedman_abyss_or_decor_stabs
D:3:      layout_basic, old_standard_altar, lightli_sewer_entry_pipes

Skill      XL: |  1  2  3  4 |
---------------+-------------+-----
Fighting       | 4 |  4.3
Axes           | 3 4 |  4.5
Armour         | 4 |  4.1
Shields        | 4 |  4.1
Dodging        | |  0.3

Action                   |  1- 3 |  4- 6 || total
-------------------------+-------+-------++-------
Melee: War axe           |   115 |    78 ||   193
  Use: Scroll            |     4 |     1 ||     5
Armor: Scale mail        |    63 |    46 ||   109
Dodge: Dodged            |    53 |    21 ||    74
Block: Buckler           |    18 |       ||    18
       Tower shield      |    27 |    64 ||    91

Table legend: (Time is in decaauts)
 A = Elapsed time spent in this place.
 B = Non-inter-level travel time spent in this place.
 C = Inter-level travel time spent in this place.
 D = Time resting spent in this place.
 E = Time spent auto-exploring this place.
 F = Levels seen in this place.
 G = Mean time per level.
                   A        B        C        D        E       F      G
               +--------+--------+--------+--------+--------+-----+--------+
         Total |   3131 |   2867 |    264 |    198 |   1516 |   3 | 1043.7 |
       Dungeon |   3131 |   2867 |    264 |    198 |   1516 |   3 | 1043.7 |
               +--------+--------+--------+--------+--------+-----+--------+

Top non-repeatable levels by time:
     D:1: 1307 daAuts
     D:2: 1082 daAuts
     D:3: 741 daAuts
